 Dungeon Crawl Stone Soup version 0.31.0-32-g396128a36d (webtiles) character file.

Game seed: 18355802858915923656

7 spaghetti the Slasher (level 1, 0/19 HPs)
             Began as a Deep Elf Berserker on Mar 22, 2024.
             Was a Follower of Trog.
             Slain by a jackal (1 damage)
             ... on level 1 of the Dungeon.
             The game lasted 00:00:16 (113 turns).

spaghetti the Slasher (Deep Elf Berserker)           Turns: 113, Time: 00:00:17

Health: 0/19       AC:  2    Str: 14    XL:     1   Next: 91%
Magic:  3/3        EV: 12    Int: 11    God:    Trog [*.....]
Gold:   0          SH:  0    Dex: 14    Spells: 0/0 levels left

rFire   . . .        a - +0 falchion
rCold   . . .        (no shield)
rNeg    . . .        b - +0 animal skin
rPois   .            (no helmet)
rElec   .            (no cloak)
rCorr   .            (no gloves)
SInv    .            (no boots)
Will    .....        (no amulet) Stlth
                     (no ring)
HPRegen 0.23/turn    (no ring)
MPRegen 0.08/turn

%: no passive effects
@: berserking (expiring), very quick
A: no striking features
a: Renounce Religion, Berserk


You were on level 1 of the Dungeon.
You worshipped Trog.
Trog was aware of your devotion.
You visited 1 branch of the dungeon, and saw 1 of its levels.

Inventory:

Hand Weapons
 a - a +0 falchion (weapon)
Armour
 b - a +0 animal skin (worn)


   Skills:
 - Level 2.4 Fighting
 + Level 3.2 Long Blades
 - Level 1.5 Armour
 - Level 2.4 Dodging


You couldn't memorise any spells.
You didn't know any spells.
Your spell library was empty.

Dungeon Overview and Level Annotations

Branches:
Dungeon (1/15)

Altars:


Message History

You slash the hobgoblin!
You kill the hobgoblin!
Trog accepts your kill. The jackal misses you.
You closely miss the jackal.
The jackal bites you but does no damage.
The jackal bites you. The jackal closely misses you.
The frilled lizard barely misses you.
You closely miss the jackal. You punch the jackal.
You kill the jackal!
Trog accepts your kill. The jackal bites you. The jackal barely misses you. x2
The frilled lizard closely misses you.
You closely miss the frilled lizard.
The jackal bites you but does no damage.
The jackal barely misses you. x2; The frilled lizard barely misses you.
You slash the frilled lizard!
You kill the frilled lizard!
Trog accepts your kill. The jackal barely misses you.
The jackal closely misses you. The jackal misses you.
You closely miss the jackal. Your punch misses the jackal.
The jackal misses you. The jackal bites you. The jackal misses you.
You barely miss the jackal. The jackal bites you. The jackal barely misses you.
The jackal bites you. The hobgoblin misses you.
The jackal barely misses you. x2
You barely miss the jackal. The jackal bites you.
The hobgoblin barely misses you. The jackal completely misses you.
The jackal closely misses you.
You barely miss the hobgoblin. The jackal misses you. The jackal bites you.
* * * LOW HITPOINT WARNING * * *
The jackal bites you.
* * * LOW HITPOINT WARNING * * *
The jackal bites you but does no damage.
The hobgoblin hits you.
* * * LOW HITPOINT WARNING * * *
You slash the hobgoblin!
You kill the hobgoblin!
Trog accepts your kill. The jackal bites you.
You die...

.#....$.# ## ........#
###. #......# #...
#......### ##.##
#........# #..#
#......#.## #####.###
###.........####........
......hh.#...##..#.####.
.....K(@.#......#..# ##.
......h†.##....##.####..
.......###..#.....#.....
....... #.###.#.......#
......# ... #....(.....
...... ...# #...........
.....###.. .............
..... ###.##...........
............


You could see 3 jackals and a kobold.

Vanquished Creatures
  2 endoplasms (D:1)
  3 hobgoblins (D:1)
  A jackal (D:1)
  A frilled lizard (D:1)
7 creatures vanquished.

Notes
Turn   | Place    | Note
-------+----------+-------------------------------------------
     0 | D:1      | spaghetti the Deep Elf Berserker began the quest for the
                  | Orb.
     0 | D:1      | Reached XP level 1. HP: 13/13 MP: 3/3
    73 | D:1      | Reached skill level 3 in Long Blades
   113 | D:1      | Slain by a jackal

Illustrated notes

Levels and vault maps discovered:
D:1:      sevenhm_arrival_forest_fort_large_2, layout_rooms, serial_shops, shop,
          nicolae_eternal_life

Skill      XL: |  1 |
---------------+----+-----
Long Blades    | 3 |  3.2
Fighting       | |  2.4
Armour         | |  1.5
Dodging        | |  2.4

Action                     || total
---------------------------++-------
  Melee: Falchion          ||    17
         Punch             ||     1
 Invoke: Berserk           ||     1
 Armour: Animal skin       ||    17
  Dodge: Dodged            ||    33
